 Dungeon Crawl Stone Soup version 0.27-a0-1137-g3ef0f4ec91 (webtiles) character file.

Game seed: 8235504558349296093

5145 ReteAZ the Fighter (level 10, -12/80 HPs)
             Began as a Djinni Fire Elementalist on May 6, 2021.
             Was a Follower of Makhleb.
             Mangled by an orc warrior
             ... wielding a +0 glaive
              (24 damage)
             ... on level 12 of the Dungeon.
             The game lasted 00:15:19 (12022 turns).

ReteAZ the Fighter (Djinni Fire Elementalist)      Turns: 12022, Time: 00:15:19

Health: -12/80     AC:  4    Str:  7    XL:     10   Next: 59%
Gold:   549        EV: 12    Int: 24    God:    Makhleb [*.....] SH:  0 Dex: 13

rFire    + + .     SeeInvis .   A - +1 whip (freeze)
rCold    . . .     Faith    .   (no shield)
rNeg     . . .     Spirit   .   H - +2 robe "Hero's Friend" {rElec rC+ Int+3 Stlth+}
rPois    ∞         Reflect  .   (no helmet)
rElec    +         Harm     .   (no cloak)
rCorr    .         Rampage  .   (no gloves)
Will     +....                  (boots unavailable)
Stlth    +++.......             (no amulet)
HPRegen  0.23/turn              (no ring)
MPRegen  0.00/turn              (no ring)

@: about to teleport, flying
A: sickness immunity, fire resistance 2, cold vulnerability 1, float, innate
caster, hp casting, extra vitality 1
a: Renounce Religion


You were on level 12 of the Dungeon.
You worshipped Makhleb.
Makhleb was aware of your devotion.
You visited 2 branches of the dungeon, and saw 11 of its levels.

You collected 549 gold pieces.

Inventory:

Hand Weapons
 l - a +2 flail of protection
 t - a +0 dagger of venom
 A - a +1 whip of freezing (weapon)
 B - a +0 long sword
Missiles
 k - a throwing net
 K - 8 atropa-tipped darts
Armour
 a - a +0 robe
 C - +0 steam dragon scales
 H - the +2 robe "Hero's Friend" (worn) {rElec rC+ Int+3 Stlth+}
   (You found it on level 7 of the Dungeon)

   It affects your intelligence (+3).
   It protects you from cold.
   It insulates you from electricity.
   It makes you more stealthy.
Jewellery
 E - an amulet of faith
Wands
 q - a wand of acid (6)
 s - a wand of flame (33)
 x - a wand of digging (4)
 G - a wand of iceblast (10)
 I - a wand of polymorph (19)
Scrolls
 d - 3 scrolls of teleportation
 e - 2 scrolls of silence {unknown}
 f - 2 scrolls of blinking {unknown}
 h - 6 scrolls of identify {unknown}
 n - a scroll of fear {unknown}
 o - 3 scrolls of enchant weapon {unknown}
 r - a scroll of amnesia {unknown}
 y - a scroll of brand weapon {unknown}
 D - 4 scrolls of enchant armour {unknown}
 J - 2 scrolls of holy word {unknown}
 L - a scroll of magic mapping {unknown}
Potions
 b - 4 potions of ambrosia {unknown}
 c - 3 potions of curing
 g - a potion of berserk rage {unknown}
 i - 2 potions of haste {unknown}
 j - a potion of might {unknown}
 m - 3 potions of brilliance {unknown}
 p - 2 potions of heal wounds {unknown}
 u - 3 potions of degeneration
 v - 2 potions of mutation {unknown}
 w - a potion of lignification {unknown}
 z - a potion of magic {unknown}
 F - a potion of flight {unknown}


   Skills:
 + Level 10.2 Fighting
 + Level 2.7 Dodging
 - Level 1.5 Stealth
 - Level 10.0 Spellcasting


You had 3 spell levels left.
You knew the following spells:

 Your Spells              Type           Power      Damage    Failure   Level
a - Foxfire               Conj/Fire      100%       2x1d9     1%          1
b - Conjure Flame         Conj/Fire      56%        6-21      1%          3
c - Inner Flame           Hex/Fire       56%        N/A       1%          3
d - Sticky Flame          Conj/Fire      56%        2d7       1%          4
e - Fireball              Conj/Fire      28%        3d12      2%          5
f - Summon Small Mammal   Summ           100%       N/A       1%          1
g - Corpse Rot            Necr/Air       N/A        N/A       1%          2
h - Spider Form           Tmut/Pois      28%        N/A       1%          3
i - Animate Dead          Necr           28%        N/A       1%          4
Your spell library was empty.

Dungeon Overview and Level Annotations

Branches:
Dungeon (9/15)             Temple (1/1) D:7             Orc (0/2) D:12
   Lair: D:8-11

Altars:
Ashenzari
Cheibriados
Dithmenos
Elyvilon
Fedhas
Gozag
Hepliaklqana
Kikubaaqudgha
Makhleb
Nemelex Xobeh
Okawaru
Ru
Sif Muna
Uskayaw
Vehumet
Wu Jian
Yredelemnul
The Shining One

Shops:
D:5 :

Annotations:
D:4 3 runed translucent doors, DarkShadow's ghost, novice MiFi; LordDeathwing's ghost, amateur KoHu; Mandevil's ghost, amateur OpBe; hemabe71's ghost, novice HuAr
D:5 1 exclusion
D:9 exclusion: obsidian statue


Innate Abilities, Weirdness & Mutations

You are immune to sickness and miasma.
You are immune to poison.
Your flesh is very heat resistant. (rF++)
You are vulnerable to cold. (rC-)
You float through the air rather than walking.
You learn spells naturally, not from books.
Your magical power is your life essence.
You have superior vitality. (+4 HP)


Message History

The noxious blast misses you.
You hear a shout!
The orc is engulfed in noxious fumes.
An orc and an orc wizard come into view.
Your surroundings seem slightly different.
The orc shouts!
The orc wizard shouts!
An orc comes into view. It is wielding a +0 short sword.
The orc shouts!
You hear a shout! x2
An orc warrior comes into view. It is wielding a +0 glaive.
The orc is engulfed in noxious fumes.
The orc appears confused.
An orc comes into view. It is wielding a +0 short sword.
An orc wizard comes into view. It is wielding a +0 dagger.
The orc priest begins to cast a cantrip, but forgets the words!
As you read the scroll of teleportation, it crumbles to dust.
You feel strangely unstable.
The orc warrior shouts!
The orc priest calls down the wrath of Beogh upon you.
Beogh smites you! The orc closely misses you.
The orc priest calls upon Beogh to heal the orc.
The orc's wounds heal themselves!
You hear a shout!
You hit the orc wizard. You freeze the orc wizard.
The orc wizard is lightly wounded.
The orc hits you with a +0 hand axe.
The orc priest calls down the wrath of Beogh upon you.
Beogh smites you!
The orc wizard gestures at you while chanting.
The magic dart hits you! The orc warrior closely misses you.
The orc hits you but does no damage.
You closely miss the orc wizard.
The orc wizard is lightly wounded.
The troll bites you! The troll claws you!
* * * LOW HITPOINT WARNING * * *
The troll claws you.
* * * LOW HITPOINT WARNING * * *
The orc wizard casts a spell at you. The puff of flame hits you. You resist.
* * * LOW HITPOINT WARNING * * *
The orc warrior hits you from afar with a +0 glaive!!
You die...

##################
.............!.[.#
..........($...°.#
...o.........).°(#
...o.....}.O...°...#
.##....o>..o......$#
..o..oooo....#...k≈#
......o@To...#...≈.#
####################


You could see a troll, an orc warrior, an ogre, 2 orc priests, 2 orc wizards and
6 orcs.

Vanquished Creatures
  A two-headed ogre (D:9)
  Pikel (D:5)
  Maggie (D:6)
  A kobold demonologist (D:7)
  Grinder (D:6)
  Sigmund (D:3)
  A steam dragon (D:8)
  Menkaure (D:5)
  Edmund (D:5)
  2 orc warriors (D:9)
  3 ice beasts
  3 ogres
  2 sky beasts (D:5)
  3 centaurs
  A bullfrog (D:7)
  3 kobold brigands
  2 scorpions
  A wyvern skeleton (D:6)
  7 wights
  3 howler monkeys
  A jelly (D:4)
  A centaur zombie (D:7)
  2 orc priests
  A hound (D:5)
  2 bullfrog zombies (D:5)
  A gnoll shaman (D:7)
  A centaur skeleton (D:4)
  Ijyb (D:3)
  Natasha (twice) (D:3)
  2 iguanas
  6 orc wizards
  A mummy (D:4)
  A howler monkey skeleton (D:4)
  12 gnolls
  4 adders
  A white imp (D:5)
  An ufetubus (D:6)
  An adder skeleton (D:5)
  3 worms
  2 dart slugs
  19 orcs
  7 endoplasms
  3 giant cockroaches
  13 goblins
  10 hobgoblins
  6 jackals
  5 quokkas
  6 ball pythons
  9 bats
  2 frilled lizards (D:2)
  2 hobgoblin zombies (D:4)
  18 kobolds
  A kobold zombie (D:4)
  An orc zombie (D:4)
  6 rats
193 creatures vanquished.

Vanquished Creatures (others)
  959 foxfires
  2 withered plants (D:4)
961 creatures vanquished.

Grand Total: 1154 creatures vanquished

Notes
Turn   | Place    | Note
-------+----------+-------------------------------------------
     0 | D:1      | ReteAZ the Djinni Fire Elementalist began the quest for the
                  | Orb.
     0 | D:1      | Reached XP level 1. HP: 15/15 MP: 0/0
   324 | D:1      | Reached XP level 2. HP: 15/22 MP: 0/0
   509 | D:1      | Reached skill level 1 in Fighting
   574 | D:1      | Found a faded altar of an unknown god.
  1009 | D:1      | Reached XP level 3. HP: 22/27 MP: 0/0
  1009 | D:1      | Learned a level 1 spell: Summon Small Mammal
  1406 | D:2      | Found a shadowy altar of Dithmenos.
  2145 | D:2      | Reached XP level 4. HP: 31/33 MP: 0/0
  2973 | D:3      | You are sucked into a shaft and drop 2 floors!
  2973 | D:5      | Entered Level 5 of the Dungeon
  3065 | D:5      | Noticed a sky beast
  3084 | D:5      | Killed a sky beast
  3085 | D:5      | Reached XP level 5. HP: 33/39 MP: 0/0
  3085 | D:5      | Learned a level 2 spell: Corpse Rot
  3143 | D:5      | Noticed an ogre
  3247 | D:5      | Noticed a sky beast
  3253 | D:5      | Killed a sky beast
  3254 | D:5      | Reached skill level 5 in Spellcasting
  3254 | D:5      | Reached XP level 6. HP: 40/46 MP: 0/0
  3305 | D:5      | Noticed Edmund
  3358 | D:5      | Killed Edmund
  3702 | D:5      | Reached XP level 7. HP: 47/51 MP: 0/0
  3702 | D:5      | Learned a level 3 spell: Spider Form
  3842 | D:5      | Found Illousub's Book Emporium.
  3853 | D:4      | Noticed Pikel
  3863 | D:5      | Killed Pikel
  3864 | D:5      | Reached skill level 5 in Fighting
  3864 | D:5      | Reached XP level 8. HP: 40/59 MP: 0/0
  4692 | D:3      | Noticed Ijyb
  4702 | D:3      | Killed Ijyb
  4989 | D:3      | Noticed Sigmund
  4996 | D:3      | Killed Sigmund
  5202 | D:3      | Noticed Natasha
  5204 | D:3      | Killed Natasha
  5221 | D:3      | Noticed Natasha
  5223 | D:3      | Killed Natasha
  5765 | D:4      | Found a runed translucent gate.
  5765 | D:4      | Noticed DarkShadow's ghost (novice MiFi)
  5766 | D:4      | Found a runed translucent gate.
  5766 | D:4      | Found a runed translucent gate.
  5766 | D:4      | Noticed LordDeathwing's ghost (amateur KoHu)
  5767 | D:4      | Noticed Mandevil's ghost (amateur OpBe)
  5767 | D:4      | Noticed hemabe71's ghost (novice HuAr)
  6896 | D:5      | Noticed Menkaure
  6901 | D:5      | Killed Menkaure
  6902 | D:5      | Reached XP level 9. HP: 62/66 MP: 0/0
  6902 | D:5      | Learned a level 4 spell: Animate Dead
  7712 | D:6      | Noticed Grinder
  7725 | D:6      | Killed Grinder
  7875 | D:6      | Noticed Maggie
  7952 | D:6      | Killed Maggie
  8821 | D:7      | Found a staircase to the Ecumenical Temple.
  8834 | Temple   | Entered the Ecumenical Temple
  9257 | D:7      | Found a burning altar of Makhleb.
  9284 | D:7      | Found a broken altar of Ashenzari.
  9326 | D:7      | Became a worshipper of Makhleb the Destroyer
  9451 | D:7      | Reached XP level 10. HP: 66/76 MP: 0/0
  9870 | D:7      | Reached skill level 10 in Spellcasting
 10250 | D:7      | Identified the +2 robe "Hero's Friend" {rElec rC+ Int+3
                  | Stlth+}
 10667 | D:8      | Noticed a kobold demonologist
 10667 | D:8      | Noticed a kobold demonologist
 10671 | D:8      | Noticed a smoke demon
 10677 | D:7      | Killed a kobold demonologist
 11270 | D:8      | You are sucked into a shaft and drop 1 floor!
 11589 | D:9      | Noticed a two-headed ogre
 11605 | D:9      | Killed a two-headed ogre
 11606 | D:9      | Reached skill level 10 in Fighting
 11774 | D:9      | Reached * piety under Makhleb
 11884 | D:9      | Noticed an obsidian statue
 11925 | D:8      | Noticed a fire dragon
 12016 | D:9      | You are sucked into a shaft and drop 3 floors!
 12016 | D:12     | Found a staircase to the Orcish Mines.
 12022 | D:12     | Mangled by an orc warrior

Illustrated notes

Levels and vault maps discovered:
D:1:      scummos_arrival_checkerplants, layout_loops_ring,
          basic_ecumenical_altar, minmay_misc_feat_alley,
          hangedman_abyss_or_decor_lesser_grid
D:2:      layout_basic, basic_altar, minmay_fractal_squares_gapless_5
D:3:      kennysheep_the_goblin_king, layout_basic, uniq_natasha, uniq_ijyb,
          uniq_sigmund
D:4:      layout_basic, gammafunk_ghost_cemetery, minmay_mini_ossuary,
          uniq_pikel
D:5:      layout_basic, serial_shops, kennysheep_mini, uniq_menkaure,
          uniq_edmund
D:6:      layout_basic, uniq_maggie, uniq_grinder
D:7:      layout_loops_ring, nicolae_ashenzari_panopticon, lemuel_doored_altar,
          minmay_temple_entry_arrows
D:8:      layout_loops_corners, grunt_qazlal_clouds, trog_hazing_becter,
          minmay_lair_entry_lava, uniq_maurice
D:9:      layout_rooms, zin_statuary, minivault_16
D:12:     layout_loops_ring, erik_orc_1, portal_ice_cave_demonic_guard
Temple:   eino_temple_scatter_basement

Skill      XL: |  1  2  3  4  5  6  7  8  9 10 |
---------------+-------------------------------+-----
Spellcasting   | 3 4 5 6 8 9 10 | 10.0
Fighting       | 1 2 3 5 6 7 10 | 10.2
Dodging        | |  2.7
Stealth        | |  1.5

Action                   |  1- 3 |  4- 6 |  7- 9 | 10-12 || total
-------------------------+-------+-------+-------+-------++-------
Melee: Unarmed           |     4 |     3 |       |       ||     7
       Spear             |       |     1 |       |       ||     1
       Flail             |       |       |     3 |       ||     3
       Whip              |       |       |    15 |    23 ||    38
 Cast: Foxfire           |    93 |    89 |   300 |   120 ||   602
       Sticky Flame      |       |     1 |    12 |     8 ||    21
       Animate Dead      |       |       |     1 |       ||     1
       Fireball          |       |       |       |     2 ||     2
  Use: Potion            |       |       |       |     4 ||     4
       Scroll            |       |       |       |     3 ||     3
Armor: Robe              |     5 |       |       |     7 ||    12
       Steam dragon scal |       |       |     3 |     4 ||     7
Dodge: Dodged            |     3 |     3 |    53 |    42 ||   101

Table legend: (Time is in decaauts)
 A = Elapsed time spent in this place.
 B = Non-inter-level travel time spent in this place.
 C = Inter-level travel time spent in this place.
 D = Time resting spent in this place.
 E = Time spent auto-exploring this place.
 F = Levels seen in this place.
 G = Mean time per level.
                   A        B        C        D        E       F      G
               +--------+--------+--------+--------+--------+-----+--------+
         Total |  12030 |  11621 |    409 |    950 |   9021 |  11 | 1093.6 |
       Dungeon |  11779 |  11381 |    398 |    950 |   8812 |  10 | 1177.9 |
        Temple |    250 |    239 |     11 |      0 |    209 |   1 |  250.0 |
               +--------+--------+--------+--------+--------+-----+--------+

Top non-repeatable levels by time:
     D:7: 2064 daAuts
     D:4: 1699 daAuts
     D:5: 1662 daAuts
     D:2: 1486 daAuts
     D:1: 1406 daAuts
     D:6: 1380 daAuts
     D:3: 1264 daAuts
     D:9: 711 daAuts
  Temple: 250 daAuts
     D:8: 99 daAuts
    D:12: 5 daAuts
